Atomiques vs Sewer Rats

Created - December 20, 2018 at 22:25

Goals
1 2 3 T
Atomiques 1 1 2 4
Sewer Rats 0 5 0 5
Shots
1 2 3 T
Atomiques 10 11 9 30
Sewer Rats 12 20 11 43

1st period

1. Atomiques , Corey Tropp 8 (Rasmus Ristolainen 31, Jake Allen) at 1:02

Penalties :
Tyler Brenner (STB) for Tripping (Minor) at 3:35, Davis Drewiske (STB) for High sticking (Minor) at 3:58, Daniel Carr (Tol) for Hooking (Minor) at 6:33, Mike Halmo (STB) for Interference (Minor) at 9:35

2nd period

2. Sewer Rats , Jonathan Huberdeau 9 (John Ramage 3) at 1:49
3. Sewer Rats , Steven Kampfer 3 (Jarred Tinordi 8) at 5:25
4. Atomiques , Brock McGinn 5 (Rasmus Ristolainen 32, Jack Skille 15) at 6:54
5. Sewer Rats , Dmitrij Jaskin 9 (Steven Kampfer 16, Jarred Tinordi 9) at 9:05
6. Sewer Rats , Ville Leino 25 (Mark Mancari 23, John Ramage 4) at 11:29
7. Sewer Rats , Erik Condra 3 (William Karlsson 13, Jonathan Huberdeau 14) at 17:15

Penalties :
Rickard Rakell (STB) for Slashing (Minor) at 2:04

3rd period

8. Atomiques , Dwight King 11 (Tyler Brenner 16, Ryan Shannon 24) at 1:55
9. Atomiques , Rickard Rakell 16 (Jack Skille 16) at 10:10

Penalties :
Ryan Shannon (STB) for Tripping (Minor) at 5:02, Mike Halmo (STB) for Hooking (Minor) at 18:11

Goalie Stats

Jake Allen (STB), 38 saves from 43 shots - (0.884), L, 7-11-5, 60:00 minutes
Marek Mazanek (Tol), 26 saves from 30 shots - (0.867), W, 18-4-3, 60:00 minutes

Players Stats for Atomiques

Player Name              G  A  P  +/- PIM S  H  SB GA TA FO     MP     PP MP  PK MP  
------------------------------------------------------------------------------------
Anthony Nigro            0  0  0  -2  0   1  0  0  0  0  4/5    11:03   0:00   0:00 
Bobby Farnham            0  0  0   0  0   0  1  0  0  0  0/0     7:25   0:00   0:00 
Brock McGinn             1  0  1   1  0   1  3  0  0  0  0/0    13:40   1:12   0:00 
Carl Dahlstrom           0  0  0   0  0   0  0  0  0  0  0/0     0:00   0:00   0:00 
Colby Cohen              0  0  0   0  0   0  3  0  0  0  0/0    19:10   0:45   4:10 
Corey Tropp              1  0  1  -2  0   1  1  1  1  0  0/0    11:03   0:00   0:00 
Dalton Smith             0  0  0  -2  0   1  1  0  0  0  1/1    11:57   0:00   0:49 
Davis Drewiske           0  0  0  -2  2   1  1  3  2  2  0/0    26:01   1:14   4:41 
Dwight King              1  0  1   0  0   5  1  1  0  1  5/10   22:48   0:47   5:18 
Eric Gustafsson          0  0  0   0  0   0  0  0  0  0  0/0     3:58   0:00   0:00 
Eric Mestery             0  0  0   1  0   1  0  2  1  2  0/0    10:29   0:00   0:47 
Jack Skille              0  2  2   1  0   0  1  0  1  1  0/0    13:40   1:12   0:00 
Jacob De La Rose         0  0  0   0  0   0  0  0  0  0  1/5     7:25   0:00   0:00 
John Draeger             0  0  0   1  0   1  0  0  0  0  0/0    10:10   0:00   0:28 
Joseph Cramarossa        0  0  0   0  0   0  0  0  0  0  0/0     3:14   0:00   3:09 
Lucas Wallmark           0  0  0   0  0   0  0  0  0  0  0/0     0:36   0:00   0:26 
Matt Tennyson            0  0  0  -2  0   4  2  1  1  0  0/0    27:10   1:14   5:57 
Max McCormick            0  0  0   0  0   0  0  0  0  0  0/0     0:00   0:00   0:00 
Mike Halmo               0  0  0   0  4   0  0  1  0  0  0/0     8:32   0:00   0:54 
Mitch Callahan           0  0  0   0  0   0  0  0  0  0  0/0     0:00   0:00   0:00 
Rasmus Ristolainen       0  2  2   0  0   2  0  0  0  1  0/0    19:10   0:45   4:10 
Rickard Rakell           1  0  1   1  2   7  2  2  0  1  6/13   15:47   1:12   1:58 
Ryan Shannon             0  1  1   0  2   4  3  0  0  0  5/5    19:04   0:47   1:42 
Tyler Brenner            0  1  1   0  2   1  0  1  0  1  13/32  21:51   0:47   4:22 
Wiley Sherman            0  0  0   0  0   0  0  0  0  0  0/0     3:58   0:00   0:00 

Players Stats for Sewer Rats

Player Name              G  A  P  +/- PIM S  H  SB GA TA FO     MP     PP MP  PK MP  
------------------------------------------------------------------------------------
Anthony Duclair          0  0  0   1  0   4  1  0  0  0  0/0     7:13   0:00   0:00 
Connor Carrick           0  0  0   2  0   0  0  0  0  1  0/0     3:47   0:00   0:00 
Daniel Carr              0  0  0  -1  2   0  1  2  0  0  0/1    10:40   0:26   0:00 
Dmitrij Jaskin           1  0  1   1  0   6  0  0  0  0  0/0     7:44   0:26   0:00 
Erik Condra              1  0  1   2  0   6  2  1  0  0  1/1    19:15   4:08   0:31 
Jarred Tinordi           0  2  2   1  0   0  2  3  0  1  0/0    20:18   4:23   1:00 
Joel Edmundson           0  0  0  -1  0   0  0  4  0  0  0/0     9:17   0:00   0:00 
John Ramage              0  2  2  -1  0   0  2  1  0  0  0/0     9:17   0:00   0:00 
Jonathan Huberdeau       1  1  2   2  0   8  2  0  2  0  1/2    19:33   4:08   0:49 
Jonathan Marchessault    0  0  0  -1  0   1  3  1  0  0  25/40  21:23   5:33   0:00 
Mark Mancari             0  1  1  -1  0   1  1  0  1  0  0/1    22:46   5:33   1:10 
Martin Frk               0  0  0  -1  0   1  0  0  0  0  0/0    10:28   0:26   0:00 
Matt Lashoff             0  0  0  -1  0   3  2  0  4  0  0/0    26:37   5:44   0:59 
Mattias Ekholm           0  0  0  -1  0   2  1  0  0  2  0/0    26:37   5:44   0:59 
Nick Cousins             0  0  0  -1  0   1  2  0  0  1  2/5    10:15   0:00   0:18 
Ryan Murphy              0  0  0   2  0   0  0  0  0  0  0/0     3:47   0:00   0:00 
Steven Kampfer           1  1  2   1  0   2  0  0  1  1  0/0    20:19   4:23   1:00 
Tyler Motte              0  0  0   1  0   0  0  0  0  0  1/5     7:13   0:00   0:00 
Ville Leino              1  0  1  -1  0   6  0  0  1  0  2/4    22:46   5:33   1:10 
William Karlsson         0  1  1   2  0   2  3  0  0  0  4/12   18:44   4:08   0:00 

3 Stars

1 - Jonathan Huberdeau (Tol)
2 - Erik Condra (Tol)
3 - Steven Kampfer (Tol)

Power Play

Atomiques - 0 on 2 Attempt(s) - 0.00%
Sewer Rats - 0 on 6 Attempt(s) - 0.00%

Penalty Kill

Atomiques - 6 on 6 Attempt(s) - 100.00% - Score 0 goal in Penalty Kill
Sewer Rats - 2 on 2 Attempt(s) - 100.00% - Score 0 goal in Penalty Kill

Team Stat

Atomiques - Hits : 19 - Faceoff Wins : 35 - Blocked Shots : 12 - Penalty Minutes : 12
Sewer Rats - Hits : 22 - Faceoff Wins : 36 - Blocked Shots : 12 - Penalty Minutes : 2

Official

Referees : Unknown
Linesman : Unknown

Game Notes

8:02 of 2nd period - Penalty Shot by Steven Kampfer for Sewer Rats - Shot Misses the Net

Finance

Level 1 -- Attendance: 1373 (68.65%) -- Ticket Income $48,055
Level 2 -- Attendance: 816 (81.60%) -- Ticket Income $13,872
Total Attendance: 2189 (72.97%)
Total Ticket Income: $61,927
Other Income: $3,096
Total Income: $65,023

Atomiques

5 vs 5 Forward 
   Center                   Left Wing                Right Wing               Time % Phy DF OF 
 1 Tyler Brenner            Dwight King              Ryan Shannon             40     1   2  2  
 2 Rickard Rakell           Brock McGinn             Jack Skille              30     1   2  2  
 3 Anthony Nigro            Dalton Smith             Corey Tropp              20     1   2  2  
 4 Jacob De La Rose         Mike Halmo               Bobby Farnham            10     1   2  2  

5 vs 5 Defense 
   Defense                  Defense                                           Time % Phy DF OF 
 1 Matt Tennyson            Davis Drewiske                                    40     1   2  2  
 2 Rasmus Ristolainen       Colby Cohen                                       30     1   2  2  
 3 Eric Mestery             John Draeger                                      20     1   2  2  
 4 Eric Gustafsson          Wiley Sherman                                     10     1   2  2  

PowerPlay Forward 
   Center                   Left Wing                Right Wing               Time % Phy DF OF 
 1 Tyler Brenner            Dwight King              Ryan Shannon             60     1   2  2  
 2 Rickard Rakell           Brock McGinn             Jack Skille              40     1   2  2  

PowerPlay Defense
   Defense                  Defense                                           Time % Phy DF OF 
 1 Matt Tennyson            Davis Drewiske                                    60     1   2  2  
 2 Rasmus Ristolainen       Colby Cohen                                       40     1   2  2  

Penalty Kill 4 Players Forward 
   Center                   Wing                     Time % Phy DF OF 
 1 Dwight King              Tyler Brenner            60     1   2  2  
 2 Ryan Shannon             Rickard Rakell           40     1   2  2  

Penalty Kill 4 Players Defense
   Defense                  Defense                  Time % Phy DF OF 
 1 Matt Tennyson            Davis Drewiske           60     1   2  2  
 2 Rasmus Ristolainen       Colby Cohen              40     1   2  2  

Penalty Kill - 3 Players Forward 
   Forward                                           Time % Phy DF OF 
 1 Dwight King                                       60     1   2  2  
 2 Tyler Brenner                                     40     1   2  2  

Penalty Kill - 3 Players Defense
   Defense                  Defense                  Time % Phy DF OF 
 1 Matt Tennyson            Davis Drewiske           60     1   2  2  
 2 Rasmus Ristolainen       Colby Cohen              40     1   2  2  

4 vs 4 Forward 
   Center                   Wing                     Time % Phy DF OF 
 1 Dwight King              Tyler Brenner            60     1   2  2  
 2 Ryan Shannon             Rickard Rakell           40     1   2  2  

4 vs 4 Defense
   Defense                  Defense                  Time % Phy DF OF 
 1 Matt Tennyson            Davis Drewiske           60     1   2  2  
 2 Rasmus Ristolainen       Colby Cohen              40     1   2  2  

Last Minutes Offensive
   Center                   Left Wing                Right Wing               Defense                  Defense                  
   Tyler Brenner            Dwight King              Ryan Shannon             Matt Tennyson            Davis Drewiske           

Last Minutes Defensive
   Center                   Left Wing                Right Wing               Defense                  Defense                  
   Tyler Brenner            Dwight King              Ryan Shannon             Matt Tennyson            Davis Drewiske           

Goaltenders
Starting : Jake Allen               
Backup : Jeff Frazee              

Extra Forwards
Normal : Mitch Callahan, Max McCormick, Joseph Cramarossa - PP : Mitch Callahan, Max McCormick - PK : Joseph Cramarossa
Extra Defensemen
Normal : Carl Dahlstrom, Eric Mestery, John Draeger - PP : Carl Dahlstrom - PK : Eric Mestery, John Draeger
Penalty Shots
Dwight King, Tyler Brenner, Ryan Shannon, Rickard Rakell, Jack Skille

Scratches
Francois Tremblay (Healthy)

Sewer Rats

5 vs 5 Forward 
   Center                   Left Wing                Right Wing               Time % Phy DF OF 
 1 Jonathan Marchessault    Ville Leino              Mark Mancari             40     1   2  2  
 2 William Karlsson         Jonathan Huberdeau       Erik Condra              30     1   2  2  
 3 Nick Cousins             Daniel Carr              Martin Frk               20     1   2  2  
 4 Tyler Motte              Anthony Duclair          Dmitrij Jaskin           10     1   2  2  

5 vs 5 Defense 
   Defense                  Defense                                           Time % Phy DF OF 
 1 Matt Lashoff             Mattias Ekholm                                    40     1   2  2  
 2 Steven Kampfer           Jarred Tinordi                                    30     1   2  2  
 3 Joel Edmundson           John Ramage                                       20     1   2  2  
 4 Ryan Murphy              Connor Carrick                                    10     1   2  2  

PowerPlay Forward 
   Center                   Left Wing                Right Wing               Time % Phy DF OF 
 1 Jonathan Marchessault    Ville Leino              Mark Mancari             60     1   2  2  
 2 William Karlsson         Jonathan Huberdeau       Erik Condra              40     1   2  2  

PowerPlay Defense
   Defense                  Defense                                           Time % Phy DF OF 
 1 Matt Lashoff             Mattias Ekholm                                    60     1   2  2  
 2 Steven Kampfer           Jarred Tinordi                                    40     1   2  2  

Penalty Kill 4 Players Forward 
   Center                   Wing                     Time % Phy DF OF 
 1 Ville Leino              Mark Mancari             60     1   2  2  
 2 Erik Condra              Jonathan Huberdeau       40     1   2  2  

Penalty Kill 4 Players Defense
   Defense                  Defense                  Time % Phy DF OF 
 1 Matt Lashoff             Mattias Ekholm           60     1   2  2  
 2 Steven Kampfer           Jarred Tinordi           40     1   2  2  

Penalty Kill - 3 Players Forward 
   Forward                                           Time % Phy DF OF 
 1 Ville Leino                                       60     1   2  2  
 2 Mark Mancari                                      40     1   2  2  

Penalty Kill - 3 Players Defense
   Defense                  Defense                  Time % Phy DF OF 
 1 Matt Lashoff             Mattias Ekholm           60     1   2  2  
 2 Steven Kampfer           Jarred Tinordi           40     1   2  2  

4 vs 4 Forward 
   Center                   Wing                     Time % Phy DF OF 
 1 Ville Leino              Mark Mancari             60     1   2  2  
 2 Erik Condra              Jonathan Huberdeau       40     1   2  2  

4 vs 4 Defense
   Defense                  Defense                  Time % Phy DF OF 
 1 Matt Lashoff             Mattias Ekholm           60     1   2  2  
 2 Steven Kampfer           Jarred Tinordi           40     1   2  2  

Last Minutes Offensive
   Center                   Left Wing                Right Wing               Defense                  Defense                  
   Jonathan Marchessault    Ville Leino              Mark Mancari             Matt Lashoff             Mattias Ekholm           

Last Minutes Defensive
   Center                   Left Wing                Right Wing               Defense                  Defense                  
   Jonathan Marchessault    Ville Leino              Mark Mancari             Matt Lashoff             Mattias Ekholm           

Goaltenders
Starting : Marek Mazanek            
Backup : Antoine Bibeau           

Extra Forwards
Normal : Daniel Carr, Martin Frk, Nick Cousins - PP : Daniel Carr, Martin Frk - PK : Nick Cousins
Extra Defensemen
Normal : Joel Edmundson, John Ramage, Ryan Murphy - PP : Joel Edmundson - PK : John Ramage, Ryan Murphy
Penalty Shots
Ville Leino, Mark Mancari, Erik Condra, Jonathan Huberdeau, Jonathan Marchessault

Scratches
Vincent Trocheck (Right Wrist Injury), Dominik Kubalik (Healthy), Josh Archibald (Healthy), Xavier Ouellet (Healthy), Jonathan Racine (Healthy)
Joseph Blandisi (Healthy), Chris Calhan (Healthy), Sergei Kostenko (Healthy)

% Time on Ice - Atomiques

Lines # - Real PCT - Wanted PCT - Time Play
Normal Forward
1 - 35% - 40% - 16:58
2 - 26% - 30% - 12:28
3 - 23% - 20% - 11:03
4 - 15% - 10% - 7:25
Normal Defense
1 - 42% - 40% - 19:59
2 - 30% - 30% - 14:15
3 - 20% - 20% - 9:42
4 - 8% - 10% - 3:58
PP Forward
1 - 39% - 60% - 0:47
2 - 61% - 40% - 1:12
PP Defense
1 - 62% - 60% - 1:14
2 - 38% - 40% - 0:45
PK Forward
1 - 73% - 60% - 6:11
2 - 27% - 40% - 2:20
PK Defense
1 - 58% - 60% - 4:56
2 - 42% - 40% - 3:35
PK3 Forward
1 - 49% - 60% - 0:47
2 - 51% - 40% - 0:49
PK3 Defense
1 - 64% - 60% - 1:01
2 - 36% - 40% - 0:35
44 Forward
1 - 0% - 60%
2 - 0% - 40%
44 Defense
1 - 0% - 60%
2 - 0% - 40%
Last Minute Offensive  - 0:00
Last Minute Defensive  - 0:00
Total
Forward - 60:00
Defense - 60:00

% Time on Ice - Sewer Rats

Lines # - Real PCT - Wanted PCT - Time Play
Normal Forward
1 - 34% - 40% - 16:08
2 - 30% - 30% - 14:36
3 - 21% - 20% - 9:57
4 - 15% - 10% - 7:13
Normal Defense
1 - 42% - 40% - 19:54
2 - 31% - 30% - 14:56
3 - 19% - 20% - 9:17
4 - 8% - 10% - 3:47
PP Forward
1 - 59% - 60% - 5:59
2 - 41% - 40% - 4:08
PP Defense
1 - 57% - 60% - 5:44
2 - 43% - 40% - 4:23
PK Forward
1 - 74% - 60% - 1:28
2 - 26% - 40% - 0:31
PK Defense
1 - 50% - 60% - 0:59
2 - 50% - 40% - 1:00
PK3 Forward
1 - 0% - 60%
2 - 0% - 40%
PK3 Defense
1 - 0% - 60%
2 - 0% - 40%
44 Forward
1 - 0% - 60%
2 - 0% - 40%
44 Defense
1 - 0% - 60%
2 - 0% - 40%
Last Minute Offensive  - 0:00
Last Minute Defensive  - 0:00
Total
Forward - 60:00
Defense - 60:00

Play by Play

1st period


0:01 of 1st period - Ryan Shannon wins face-off versus Jonathan Marchessault in neutral zone.
0:10 of 1st period - Wrist shot by Ville Leino.
0:10 of 1st period - Deflect By Jonathan Marchessault.
0:10 of 1st period - Shot Blocked by Tyler Brenner.
0:10 of 1st period - Puck is out of play.
0:11 of 1st period - William Karlsson wins face-off versus Rickard Rakell in Atomiques zone.
0:14 of 1st period - Wrist shot by Jonathan Huberdeau.
0:14 of 1st period - Stopped by Jake Allen without a rebound.
0:15 of 1st period - Rickard Rakell wins face-off versus William Karlsson in Atomiques zone.
0:22 of 1st period - Slapshot by Jack Skille.
0:22 of 1st period - Shot Misses the Net.
1:02 of 1st period - Snap shot by Corey Tropp.
1:02 of 1st period - Goal by Corey Tropp - Atomiques : 1 - Sewer Rats : 0.
1:03 of 1st period - Dwight King wins face-off versus Jonathan Marchessault in neutral zone.
1:12 of 1st period - Davis Drewiske is hit by Jonathan Marchessault and loses puck.
1:29 of 1st period - Jacob De La Rose is hit by John Ramage and loses puck.
1:50 of 1st period - Snap shot by Jack Skille.
1:50 of 1st period - Deflect By Rickard Rakell.
1:50 of 1st period - Stopped by Marek Mazanek without a rebound.
1:51 of 1st period - Rickard Rakell wins face-off versus William Karlsson in Sewer Rats zone.
2:35 of 1st period - Snap shot by Brock McGinn.
2:35 of 1st period - Shot Misses the Net.
2:37 of 1st period - Slapshot by Eric Gustafsson.
2:37 of 1st period - Shot Misses the Net.
2:47 of 1st period - Slapshot by Jack Skille.
2:47 of 1st period - Shot Misses the Net.
2:49 of 1st period - Snap shot by Brock McGinn.
2:49 of 1st period - Shot Misses the Net.
3:05 of 1st period - Snap shot by Rickard Rakell.
3:05 of 1st period - Shot Misses the Net.
3:09 of 1st period - Snap shot by Rickard Rakell.
3:09 of 1st period - Stopped by Marek Mazanek with a rebound.
3:11 of 1st period - Slapshot by Eric Gustafsson.
3:11 of 1st period - Shot Misses the Net.
3:21 of 1st period - Icing by Ryan Murphy.
3:22 of 1st period - William Karlsson wins face-off versus Tyler Brenner in Sewer Rats zone.
3:22 of 1st period - William Karlsson is hit by Dwight King.
3:35 of 1st period - Minor Penalty to Tyler Brenner for Tripping.
3:36 of 1st period - Jonathan Marchessault wins face-off versus Dwight King in Atomiques zone.
3:44 of 1st period - Backhand shot by Ville Leino.
3:44 of 1st period - Stopped by Jake Allen with a rebound.
3:46 of 1st period - Slapshot by Mattias Ekholm.
3:46 of 1st period - Shot Blocked by Davis Drewiske.
3:48 of 1st period - Slapshot by Mattias Ekholm.
3:48 of 1st period - Shot Misses the Net.
3:50 of 1st period - Snap shot by Ville Leino.
3:50 of 1st period - Stopped by Jake Allen with a rebound.
3:52 of 1st period - Snap shot by Mattias Ekholm.
3:52 of 1st period - Shot Misses the Net.
3:58 of 1st period - Minor Penalty to Davis Drewiske for High sticking.
3:59 of 1st period - Jonathan Marchessault wins face-off versus Dwight King in Atomiques zone.
5:29 of 1st period - Matt Tennyson is hit by Mattias Ekholm and loses puck.
5:35 of 1st period - Penalty to Tyler Brenner is over, Tyler Brenner is back on ice.
5:58 of 1st period - Penalty to Davis Drewiske is over, Davis Drewiske is back on ice.
6:33 of 1st period - Minor Penalty to Daniel Carr for Hooking.
6:34 of 1st period - Ville Leino wins face-off versus Tyler Brenner in Sewer Rats zone.
6:47 of 1st period - Backhand shot by Dwight King.
6:47 of 1st period - Stopped by Marek Mazanek with a rebound.
7:07 of 1st period - Mattias Ekholm is hit by Brock McGinn and loses puck.
7:37 of 1st period - Off-side.
7:38 of 1st period - Jonathan Huberdeau wins face-off versus Rickard Rakell in neutral zone.
7:41 of 1st period - Slapshot by Steven Kampfer.
7:41 of 1st period - Deflect By Jonathan Huberdeau.
7:41 of 1st period - Shot Blocked by Rickard Rakell.
7:41 of 1st period - Puck is out of play.
7:42 of 1st period - Nick Cousins wins face-off versus Rickard Rakell in Atomiques zone.
8:03 of 1st period - Snap shot by Mark Mancari.
8:03 of 1st period - Shot Misses the Net.
8:19 of 1st period - Snap shot by Jonathan Huberdeau.
8:19 of 1st period - Shot Blocked by Rickard Rakell.
8:21 of 1st period - Snap shot by Erik Condra.
8:21 of 1st period - Shot Misses the Net.
8:23 of 1st period - Slapshot by Steven Kampfer.
8:23 of 1st period - Deflect By Jonathan Huberdeau.
8:23 of 1st period - Shot Blocked by Davis Drewiske.
8:23 of 1st period - Puck is out of play.
8:24 of 1st period - Tyler Brenner wins face-off versus Ville Leino in Atomiques zone.
8:33 of 1st period - Penalty to Daniel Carr is over, Daniel Carr is back on ice.
8:33 of 1st period - Tyler Brenner is hit by Matt Lashoff and loses puck.
8:40 of 1st period - Matt Lashoff is hit by Ryan Shannon and loses puck.
9:13 of 1st period - Snap shot by Erik Condra.
9:13 of 1st period - Stopped by Jake Allen without a rebound.
9:14 of 1st period - Erik Condra wins face-off versus Jacob De La Rose in Atomiques zone.
9:35 of 1st period - Minor Penalty to Mike Halmo for Interference.
9:36 of 1st period - Dwight King wins face-off versus Jonathan Marchessault in Atomiques zone.
10:47 of 1st period - Rasmus Ristolainen is hit by Matt Lashoff and loses puck.
11:35 of 1st period - Penalty to Mike Halmo is over, Mike Halmo is back on ice.
11:39 of 1st period - Slapshot by Daniel Carr.
11:39 of 1st period - Deflect By Martin Frk.
11:39 of 1st period - Shot Misses the Net.
11:39 of 1st period - Puck is out of play.
11:40 of 1st period - Anthony Nigro wins face-off versus Nick Cousins in Atomiques zone.
11:40 of 1st period - Anthony Nigro is hit by Nick Cousins.
12:15 of 1st period - Wrist shot by Dmitrij Jaskin.
12:15 of 1st period - Stopped by Jake Allen without a rebound.
12:16 of 1st period - Jonathan Marchessault wins face-off versus Tyler Brenner in Atomiques zone.
12:19 of 1st period - Wrist shot by Jonathan Marchessault.
12:19 of 1st period - Shot Misses the Net.
12:29 of 1st period - Snap shot by Ryan Shannon.
12:29 of 1st period - Shot Misses the Net.
12:31 of 1st period - Wrist shot by Ryan Shannon.
12:31 of 1st period - Stopped by Marek Mazanek without a rebound.
12:32 of 1st period - Jonathan Marchessault wins face-off versus Dwight King in Sewer Rats zone.
12:32 of 1st period - Jonathan Marchessault is hit by Matt Tennyson.
12:46 of 1st period - Mark Mancari is hit by Ryan Shannon.
13:02 of 1st period - Wrist shot by Erik Condra.
13:02 of 1st period - Stopped by Jake Allen without a rebound.
13:03 of 1st period - William Karlsson wins face-off versus Rickard Rakell in Atomiques zone.
13:04 of 1st period - Slapshot by Jonathan Huberdeau.
13:04 of 1st period - Stopped by Jake Allen with a rebound.
13:08 of 1st period - Slapshot by William Karlsson.
13:08 of 1st period - Stopped by Jake Allen without a rebound.
13:09 of 1st period - Jonathan Marchessault wins face-off versus Rickard Rakell in Atomiques zone.
13:16 of 1st period - Slapshot by Ville Leino.
13:16 of 1st period - Deflect By Rasmus Ristolainen.
13:16 of 1st period - Shot Hit the Post.
13:16 of 1st period - Puck is out of play.
13:17 of 1st period - Jonathan Marchessault wins face-off versus Tyler Brenner in Atomiques zone.
13:44 of 1st period - Mattias Ekholm is hit by Davis Drewiske and loses puck.
13:51 of 1st period - Snap shot by Jack Skille.
13:51 of 1st period - Shot Misses the Net.
14:34 of 1st period - Snap shot by Ville Leino.
14:34 of 1st period - Shot Misses the Net.
15:17 of 1st period - Snap shot by Brock McGinn.
15:17 of 1st period - Shot Blocked by Jarred Tinordi.
15:19 of 1st period - Wrist shot by John Draeger.
15:19 of 1st period - Deflect By Rickard Rakell.
15:19 of 1st period - Stopped by Marek Mazanek without a rebound.
15:20 of 1st period - Jonathan Marchessault wins face-off versus Anthony Nigro in Sewer Rats zone.
15:35 of 1st period - Wrist shot by Jonathan Marchessault.
15:35 of 1st period - Stopped by Jake Allen with a rebound.
15:45 of 1st period - Corey Tropp is hit by William Karlsson and loses puck.
16:14 of 1st period - Slapshot by Dwight King.
16:14 of 1st period - Stopped by Marek Mazanek with a rebound.
16:16 of 1st period - Slapshot by Matt Tennyson.
16:16 of 1st period - Stopped by Marek Mazanek with a rebound.
16:18 of 1st period - Snap shot by Tyler Brenner.
16:18 of 1st period - Shot Blocked by Daniel Carr.
16:28 of 1st period - Rickard Rakell is hit by Jonathan Marchessault and loses puck.
17:13 of 1st period - Ryan Shannon is hit by Jonathan Huberdeau and loses puck.
17:52 of 1st period - Slapshot by Eric Mestery.
17:52 of 1st period - Stopped by Marek Mazanek without a rebound.
17:53 of 1st period - Jonathan Marchessault wins face-off versus Jacob De La Rose in Sewer Rats zone.
18:04 of 1st period - Slapshot by Matt Tennyson.
18:04 of 1st period - Deflect By Mike Halmo.
18:04 of 1st period - Shot Misses the Net.
18:04 of 1st period - Puck is out of play.
18:05 of 1st period - Jonathan Marchessault wins face-off versus Tyler Brenner in Sewer Rats zone.
18:14 of 1st period - Snap shot by Ville Leino.
18:14 of 1st period - Shot Misses the Net.
18:16 of 1st period - Snap shot by Matt Lashoff.
18:16 of 1st period - Deflect By Ryan Shannon.
18:16 of 1st period - Stopped by Jake Allen without a rebound.
18:17 of 1st period - Jonathan Marchessault wins face-off versus Tyler Brenner in Atomiques zone.
18:22 of 1st period - Slapshot by Jonathan Marchessault.
18:22 of 1st period - Deflect By Ville Leino.
18:22 of 1st period - Stopped by Jake Allen without a rebound.
18:23 of 1st period - Tyler Brenner wins face-off versus Jonathan Marchessault in Atomiques zone.
18:32 of 1st period - Slapshot by Ryan Shannon.
18:32 of 1st period - Shot Misses the Net.
18:50 of 1st period - Wrist shot by Jonathan Huberdeau.
18:50 of 1st period - Stopped by Jake Allen with a rebound.
18:56 of 1st period - Jack Skille is hit by William Karlsson and loses puck.
19:09 of 1st period - Slapshot by Rasmus Ristolainen.
19:09 of 1st period - Shot Blocked by Daniel Carr.
19:19 of 1st period - Slapshot by Rasmus Ristolainen.
19:19 of 1st period - Shot Misses the Net.
19:21 of 1st period - Slapshot by Colby Cohen.
19:21 of 1st period - Shot Misses the Net.
19:53 of 1st period - Slapshot by Rasmus Ristolainen.
19:53 of 1st period - Stopped by Marek Mazanek with a rebound.
Goals for this period are 1 for Atomiques vs 0 for Sewer Rats.
Shots for this period are 10 for Atomiques vs 12 for Sewer Rats.

2nd period


0:01 of 2nd period - Tyler Brenner wins face-off versus Jonathan Marchessault in neutral zone.
0:34 of 2nd period - Wrist shot by Corey Tropp.
0:34 of 2nd period - Shot Misses the Net.
0:54 of 2nd period - Snap shot by Jonathan Huberdeau.
0:54 of 2nd period - Stopped by Jake Allen without a rebound.
0:55 of 2nd period - Ryan Shannon wins face-off versus William Karlsson in Atomiques zone.
1:10 of 2nd period - Wrist shot by Jonathan Huberdeau.
1:10 of 2nd period - Shot Misses the Net.
1:12 of 2nd period - Snap shot by Erik Condra.
1:12 of 2nd period - Stopped by Jake Allen with a rebound.
1:14 of 2nd period - Backhand shot by Erik Condra.
1:14 of 2nd period - Stopped by Jake Allen with a rebound.
1:16 of 2nd period - Wrist shot by Mattias Ekholm.
1:16 of 2nd period - Stopped by Jake Allen with a rebound.
1:18 of 2nd period - Wrist shot by Jonathan Huberdeau.
1:18 of 2nd period - Shot Misses the Net.
1:44 of 2nd period - Matt Tennyson is hit by Erik Condra and loses puck.
1:49 of 2nd period - Snap shot by Jonathan Huberdeau.
1:49 of 2nd period - Goal by Jonathan Huberdeau - Atomiques : 1 - Sewer Rats : 1.
1:50 of 2nd period - Jonathan Marchessault wins face-off versus Rickard Rakell in neutral zone.
2:04 of 2nd period - Minor Penalty to Rickard Rakell for Slashing.
2:05 of 2nd period - Dwight King wins face-off versus Jonathan Marchessault in Atomiques zone.
2:11 of 2nd period - Wrist shot by Tyler Brenner.
2:11 of 2nd period - Stopped by Marek Mazanek with a rebound.
2:19 of 2nd period - Snap shot by Ville Leino.
2:19 of 2nd period - Shot Blocked by Matt Tennyson.
2:41 of 2nd period - Snap shot by William Karlsson.
2:41 of 2nd period - Shot Blocked by Davis Drewiske.
2:43 of 2nd period - Slapshot by Mattias Ekholm.
2:43 of 2nd period - Stopped by Jake Allen with a rebound.
3:19 of 2nd period - Colby Cohen is hit by Jonathan Marchessault and loses puck.
4:04 of 2nd period - Penalty to Rickard Rakell is over, Rickard Rakell is back on ice.
4:39 of 2nd period - Slapshot by Anthony Duclair.
4:39 of 2nd period - Stopped by Jake Allen without a rebound.
4:40 of 2nd period - Nick Cousins wins face-off versus Rickard Rakell in Atomiques zone.
4:41 of 2nd period - Snap shot by Martin Frk.
4:41 of 2nd period - Stopped by Jake Allen without a rebound.
4:42 of 2nd period - Rickard Rakell wins face-off versus Nick Cousins in Atomiques zone.
4:42 of 2nd period - Rickard Rakell is hit by Daniel Carr.
4:56 of 2nd period - Jack Skille is hit by Nick Cousins and loses puck.
5:25 of 2nd period - Snap shot by Steven Kampfer.
5:25 of 2nd period - Goal by Steven Kampfer - Atomiques : 1 - Sewer Rats : 2.
5:26 of 2nd period - Jonathan Marchessault wins face-off versus Tyler Brenner in neutral zone.
5:37 of 2nd period - Wrist shot by Ville Leino.
5:37 of 2nd period - Shot Misses the Net.
6:18 of 2nd period - Steven Kampfer is hit by Matt Tennyson and loses puck.
6:23 of 2nd period - Snap shot by Rickard Rakell.
6:23 of 2nd period - Stopped by Marek Mazanek without a rebound.
6:24 of 2nd period - Jonathan Marchessault wins face-off versus Tyler Brenner in Sewer Rats zone.
6:29 of 2nd period - Mark Mancari is hit by Colby Cohen and loses puck.
6:54 of 2nd period - Snap shot by Brock McGinn.
6:54 of 2nd period - Goal by Brock McGinn - Atomiques : 2 - Sewer Rats : 2.
6:55 of 2nd period - Jonathan Marchessault wins face-off versus Tyler Brenner in neutral zone.
6:58 of 2nd period - Slapshot by Ville Leino.
6:58 of 2nd period - Stopped by Jake Allen without a rebound.
6:59 of 2nd period - Jonathan Marchessault wins face-off versus Tyler Brenner in Atomiques zone.
8:02 of 2nd period - Penalty Shot by Steven Kampfer for Sewer Rats.
8:02 of 2nd period - Deke by Steven Kampfer.
8:02 of 2nd period - Shot Misses the Net.
8:03 of 2nd period - Tyler Brenner wins face-off versus Mark Mancari in Sewer Rats zone.
8:06 of 2nd period - Snap shot by Dwight King.
8:06 of 2nd period - Shot Blocked by Joel Edmundson.
8:53 of 2nd period - Wrist shot by Dmitrij Jaskin.
8:53 of 2nd period - Stopped by Jake Allen without a rebound.
8:54 of 2nd period - Anthony Nigro wins face-off versus Tyler Motte in Atomiques zone.
9:05 of 2nd period - Wrist shot by Dmitrij Jaskin.
9:05 of 2nd period - Deflect By Rasmus Ristolainen.
9:05 of 2nd period - Goal by Dmitrij Jaskin - Atomiques : 2 - Sewer Rats : 3.
9:06 of 2nd period - Ryan Shannon wins face-off versus Ville Leino in neutral zone.
9:13 of 2nd period - Slapshot by Davis Drewiske.
9:13 of 2nd period - Deflect By Dwight King.
9:13 of 2nd period - Shot Misses the Net.
9:13 of 2nd period - Puck is out of play.
9:14 of 2nd period - Ryan Shannon wins face-off versus Jonathan Marchessault in Sewer Rats zone.
9:45 of 2nd period - Wrist shot by Jonathan Huberdeau.
9:45 of 2nd period - Stopped by Jake Allen without a rebound.
9:46 of 2nd period - Tyler Brenner wins face-off versus William Karlsson in Atomiques zone.
9:46 of 2nd period - Tyler Brenner is hit by Jarred Tinordi.
10:12 of 2nd period - Steven Kampfer is hit by Dalton Smith and loses puck.
10:25 of 2nd period - Snap shot by Anthony Nigro.
10:25 of 2nd period - Shot Blocked by Erik Condra.
10:43 of 2nd period - Slapshot by Rickard Rakell.
10:43 of 2nd period - Stopped by Marek Mazanek with a rebound.
10:45 of 2nd period - Slapshot by Davis Drewiske.
10:45 of 2nd period - Stopped by Marek Mazanek without a rebound.
10:46 of 2nd period - Tyler Brenner wins face-off versus Nick Cousins in Sewer Rats zone.
11:15 of 2nd period - Snap shot by Rasmus Ristolainen.
11:15 of 2nd period - Stopped by Marek Mazanek without a rebound.
11:16 of 2nd period - Dalton Smith wins face-off versus Jonathan Marchessault in Sewer Rats zone.
11:16 of 2nd period - Rasmus Ristolainen is hit by John Ramage and loses puck.
11:27 of 2nd period - Snap shot by Mark Mancari.
11:27 of 2nd period - Stopped by Jake Allen with a rebound.
11:29 of 2nd period - Wrist shot by Ville Leino.
11:29 of 2nd period - Goal by Ville Leino - Atomiques : 2 - Sewer Rats : 4.
11:30 of 2nd period - Jonathan Marchessault wins face-off versus Tyler Brenner in neutral zone.
12:09 of 2nd period - Steven Kampfer is hit by Jack Skille and loses puck.
12:20 of 2nd period - Colby Cohen is hit by Jarred Tinordi.
12:26 of 2nd period - Wrist shot by Anthony Nigro.
12:26 of 2nd period - Shot Misses the Net.
12:28 of 2nd period - Snap shot by Dalton Smith.
12:28 of 2nd period - Stopped by Marek Mazanek with a rebound.
12:30 of 2nd period - Snap shot by John Draeger.
12:30 of 2nd period - Stopped by Marek Mazanek without a rebound.
12:31 of 2nd period - Ryan Shannon wins face-off versus Jonathan Marchessault in Sewer Rats zone.
12:53 of 2nd period - Icing by Ryan Shannon.
12:54 of 2nd period - William Karlsson wins face-off versus Dwight King in Atomiques zone.
13:07 of 2nd period - Snap shot by Ryan Shannon.
13:07 of 2nd period - Shot Misses the Net.
13:25 of 2nd period - Wrist shot by Dwight King.
13:25 of 2nd period - Shot Blocked by Joel Edmundson.
13:27 of 2nd period - Slapshot by John Draeger.
13:27 of 2nd period - Shot Misses the Net.
13:29 of 2nd period - Slapshot by Eric Mestery.
13:29 of 2nd period - Deflect By Tyler Brenner.
13:29 of 2nd period - Deflect By Ville Leino.
13:29 of 2nd period - Shot Blocked by John Ramage.
13:29 of 2nd period - Puck is out of play.
13:30 of 2nd period - Rickard Rakell wins face-off versus William Karlsson in Sewer Rats zone.
13:37 of 2nd period - Erik Condra is hit by Rickard Rakell and loses puck.
13:44 of 2nd period - Slapshot by Mattias Ekholm.
13:44 of 2nd period - Shot Misses the Net.
14:29 of 2nd period - Snap shot by Daniel Carr.
14:29 of 2nd period - Shot Misses the Net.
14:39 of 2nd period - Snap shot by Matt Tennyson.
14:39 of 2nd period - Shot Blocked by Jarred Tinordi.
14:41 of 2nd period - Snap shot by Jack Skille.
14:41 of 2nd period - Shot Misses the Net.
14:43 of 2nd period - Slapshot by Matt Tennyson.
14:43 of 2nd period - Deflect By Jarred Tinordi.
14:43 of 2nd period - Stopped by Marek Mazanek with a rebound.
14:47 of 2nd period - Snap shot by Rickard Rakell.
14:47 of 2nd period - Deflect By Jack Skille.
14:47 of 2nd period - Shot Blocked by Jarred Tinordi.
14:47 of 2nd period - Puck is out of play.
14:48 of 2nd period - Jonathan Marchessault wins face-off versus Tyler Brenner in Sewer Rats zone.
16:21 of 2nd period - Icing by Jonathan Huberdeau.
16:22 of 2nd period - Tyler Brenner wins face-off versus Jonathan Huberdeau in Sewer Rats zone.
16:31 of 2nd period - Slapshot by Ryan Shannon.
16:31 of 2nd period - Stopped by Marek Mazanek with a rebound.
16:39 of 2nd period - Wrist shot by Erik Condra.
16:39 of 2nd period - Shot Misses the Net.
16:41 of 2nd period - Snap shot by Erik Condra.
16:41 of 2nd period - Stopped by Jake Allen with a rebound.
16:43 of 2nd period - Snap shot by Jonathan Huberdeau.
16:43 of 2nd period - Stopped by Jake Allen with a rebound.
16:53 of 2nd period - Slapshot by Matt Tennyson.
16:53 of 2nd period - Stopped by Marek Mazanek with a rebound.
17:01 of 2nd period - Matt Tennyson is hit by William Karlsson.
17:13 of 2nd period - Snap shot by William Karlsson.
17:13 of 2nd period - Stopped by Jake Allen with a rebound.
17:15 of 2nd period - Wrist shot by Erik Condra.
17:15 of 2nd period - Goal by Erik Condra - Atomiques : 2 - Sewer Rats : 5.
17:16 of 2nd period - Rickard Rakell wins face-off versus Jonathan Marchessault in neutral zone.
17:29 of 2nd period - Ville Leino is hit by Brock McGinn and loses puck.
18:47 of 2nd period - Joel Edmundson is hit by Brock McGinn.
18:53 of 2nd period - Snap shot by Jack Skille.
18:53 of 2nd period - Shot Blocked by Joel Edmundson.
19:36 of 2nd period - Slapshot by Joel Edmundson.
19:36 of 2nd period - Deflect By Dmitrij Jaskin.
19:36 of 2nd period - Stopped by Jake Allen without a rebound.
19:37 of 2nd period - Jonathan Marchessault wins face-off versus Tyler Brenner in Atomiques zone.
Goals for this period are 1 for Atomiques vs 5 for Sewer Rats.
Shots for this period are 11 for Atomiques vs 20 for Sewer Rats.

3rd period


0:01 of 3rd period - Jonathan Marchessault wins face-off versus Tyler Brenner in neutral zone.
0:12 of 3rd period - Slapshot by Rasmus Ristolainen.
0:12 of 3rd period - Shot Blocked by Jonathan Marchessault.
0:48 of 3rd period - Wrist shot by Nick Cousins.
0:48 of 3rd period - Stopped by Jake Allen with a rebound.
0:50 of 3rd period - Slapshot by Mattias Ekholm.
0:50 of 3rd period - Shot Misses the Net.
0:52 of 3rd period - Slapshot by Matt Lashoff.
0:52 of 3rd period - Stopped by Jake Allen with a rebound.
0:54 of 3rd period - Snap shot by Daniel Carr.
0:54 of 3rd period - Shot Misses the Net.
1:12 of 3rd period - Slapshot by Dmitrij Jaskin.
1:12 of 3rd period - Deflect By Anthony Duclair.
1:12 of 3rd period - Shot Blocked by Mike Halmo.
1:12 of 3rd period - Puck is out of play.
1:13 of 3rd period - Jonathan Marchessault wins face-off versus Jacob De La Rose in Atomiques zone.
1:38 of 3rd period - Steven Kampfer is hit by Colby Cohen and loses puck.
1:45 of 3rd period - Wrist shot by Dwight King.
1:45 of 3rd period - Shot Misses the Net.
1:47 of 3rd period - Wrist shot by Tyler Brenner.
1:47 of 3rd period - Deflect By Dwight King.
1:47 of 3rd period - Shot Misses the Net.
1:47 of 3rd period - Puck is out of play.
1:48 of 3rd period - Tyler Brenner wins face-off versus Jonathan Marchessault in Sewer Rats zone.
1:49 of 3rd period - Snap shot by Ryan Shannon.
1:49 of 3rd period - Shot Misses the Net.
1:51 of 3rd period - Snap shot by Dwight King.
1:51 of 3rd period - Deflect By Ryan Shannon.
1:51 of 3rd period - Stopped by Marek Mazanek with a rebound.
1:53 of 3rd period - Snap shot by Tyler Brenner.
1:53 of 3rd period - Shot Misses the Net.
1:55 of 3rd period - Snap shot by Dwight King.
1:55 of 3rd period - Goal by Dwight King - Atomiques : 3 - Sewer Rats : 5.
1:56 of 3rd period - Tyler Brenner wins face-off versus Jonathan Marchessault in neutral zone.
2:21 of 3rd period - Martin Frk is hit by Rickard Rakell.
3:08 of 3rd period - Wrist shot by Anthony Duclair.
3:08 of 3rd period - Stopped by Jake Allen without a rebound.
3:09 of 3rd period - Jonathan Marchessault wins face-off versus Tyler Brenner in Atomiques zone.
3:16 of 3rd period - Snap shot by Mark Mancari.
3:16 of 3rd period - Shot Blocked by Eric Mestery.
3:18 of 3rd period - Slapshot by Matt Lashoff.
3:18 of 3rd period - Shot Blocked by Eric Mestery.
3:22 of 3rd period - Backhand shot by Ville Leino.
3:22 of 3rd period - Stopped by Jake Allen without a rebound.
3:23 of 3rd period - Jonathan Marchessault wins face-off versus Tyler Brenner in Atomiques zone.
4:53 of 3rd period - Off-side.
4:54 of 3rd period - Tyler Brenner wins face-off versus Tyler Motte in neutral zone.
5:02 of 3rd period - Minor Penalty to Ryan Shannon for Tripping.
5:03 of 3rd period - Dwight King wins face-off versus Jonathan Marchessault in Atomiques zone.
5:24 of 3rd period - Icing by Jonathan Marchessault.
5:25 of 3rd period - Dwight King wins face-off versus Jonathan Marchessault in Sewer Rats zone.
7:02 of 3rd period - Penalty to Ryan Shannon is over, Ryan Shannon is back on ice.
7:36 of 3rd period - Wrist shot by Bobby Farnham.
7:36 of 3rd period - Deflect By Mike Halmo.
7:36 of 3rd period - Shot Blocked by Joel Edmundson.
7:36 of 3rd period - Puck is out of play.
7:37 of 3rd period - Jacob De La Rose wins face-off versus Tyler Motte in Sewer Rats zone.
7:38 of 3rd period - Snap shot by Matt Tennyson.
7:38 of 3rd period - Stopped by Marek Mazanek with a rebound.
7:54 of 3rd period - Backhand shot by Anthony Duclair.
7:54 of 3rd period - Stopped by Jake Allen with a rebound.
8:02 of 3rd period - Matt Tennyson is hit by Anthony Duclair and loses puck.
8:39 of 3rd period - Snap shot by Dmitrij Jaskin.
8:39 of 3rd period - Deflect By Anthony Duclair.
8:39 of 3rd period - Shot Misses the Net.
8:39 of 3rd period - Puck is out of play.
8:40 of 3rd period - Jonathan Marchessault wins face-off versus Tyler Brenner in Atomiques zone.
9:05 of 3rd period - Mattias Ekholm is hit by Colby Cohen.
10:10 of 3rd period - Wrist shot by Rickard Rakell.
10:10 of 3rd period - Goal by Rickard Rakell - Atomiques : 4 - Sewer Rats : 5.
10:11 of 3rd period - Jonathan Marchessault wins face-off versus Tyler Brenner in neutral zone.
10:19 of 3rd period - Snap shot by Ryan Shannon.
10:19 of 3rd period - Stopped by Marek Mazanek with a rebound.
10:21 of 3rd period - Wrist shot by Ryan Shannon.
10:21 of 3rd period - Deflect By Dwight King.
10:21 of 3rd period - Stopped by Marek Mazanek with a rebound.
10:23 of 3rd period - Snap shot by Ryan Shannon.
10:23 of 3rd period - Shot Misses the Net.
10:46 of 3rd period - Slapshot by Rasmus Ristolainen.
10:46 of 3rd period - Shot Misses the Net.
11:24 of 3rd period - Off-side.
11:25 of 3rd period - Anthony Nigro wins face-off versus Tyler Motte in neutral zone.
11:44 of 3rd period - Slapshot by Steven Kampfer.
11:44 of 3rd period - Stopped by Jake Allen with a rebound.
12:03 of 3rd period - Slapshot by Dmitrij Jaskin.
12:03 of 3rd period - Shot Blocked by Corey Tropp.
12:05 of 3rd period - Slapshot by Joel Edmundson.
12:05 of 3rd period - Shot Misses the Net.
12:07 of 3rd period - Wrist shot by Dmitrij Jaskin.
12:07 of 3rd period - Stopped by Jake Allen without a rebound.
12:08 of 3rd period - Tyler Brenner wins face-off versus Jonathan Marchessault in Atomiques zone.
12:15 of 3rd period - Slapshot by Dwight King.
12:15 of 3rd period - Stopped by Marek Mazanek with a rebound.
12:39 of 3rd period - Snap shot by Rickard Rakell.
12:39 of 3rd period - Stopped by Marek Mazanek with a rebound.
13:18 of 3rd period - Mark Mancari is hit by Ryan Shannon and loses puck.
13:41 of 3rd period - Slapshot by Dmitrij Jaskin.
13:41 of 3rd period - Stopped by Jake Allen without a rebound.
13:42 of 3rd period - Rickard Rakell wins face-off versus William Karlsson in Atomiques zone.
13:42 of 3rd period - Rickard Rakell is hit by Jonathan Huberdeau.
14:23 of 3rd period - Ryan Shannon is hit by Mark Mancari and loses puck.
14:38 of 3rd period - Snap shot by Davis Drewiske.
14:38 of 3rd period - Deflect By Corey Tropp.
14:38 of 3rd period - Shot Misses the Net.
14:38 of 3rd period - Puck is out of play.
14:39 of 3rd period - Anthony Nigro wins face-off versus William Karlsson in Sewer Rats zone.
14:44 of 3rd period - Wrist shot by Anthony Nigro.
14:44 of 3rd period - Stopped by Marek Mazanek without a rebound.
14:45 of 3rd period - Tyler Brenner wins face-off versus William Karlsson in Sewer Rats zone.
14:46 of 3rd period - Slapshot by Rasmus Ristolainen.
14:46 of 3rd period - Shot Hit the Post.
15:34 of 3rd period - Martin Frk is hit by Corey Tropp and loses puck.
15:55 of 3rd period - Jonathan Marchessault is hit by Bobby Farnham and loses puck.
16:17 of 3rd period - Icing by Ryan Murphy.
16:18 of 3rd period - Tyler Motte wins face-off versus Tyler Brenner in Sewer Rats zone.
16:27 of 3rd period - Snap shot by Anthony Duclair.
16:27 of 3rd period - Stopped by Jake Allen without a rebound.
16:28 of 3rd period - Tyler Brenner wins face-off versus Daniel Carr in Atomiques zone.
17:19 of 3rd period - Brock McGinn is hit by Erik Condra and loses puck.
17:51 of 3rd period - Wrist shot by Matt Lashoff.
17:51 of 3rd period - Stopped by Jake Allen without a rebound.
17:52 of 3rd period - Ville Leino wins face-off versus Jacob De La Rose in Atomiques zone.
17:55 of 3rd period - Wrist shot by Mark Mancari.
17:55 of 3rd period - Shot Misses the Net.
18:11 of 3rd period - Minor Penalty to Mike Halmo for Hooking.
18:12 of 3rd period - Jonathan Marchessault wins face-off versus Dwight King in Atomiques zone.
18:28 of 3rd period - Slapshot by Mattias Ekholm.
18:28 of 3rd period - Shot Blocked by Dwight King.
18:50 of 3rd period - Slapshot by Jonathan Huberdeau.
18:50 of 3rd period - Stopped by Jake Allen with a rebound.
Goals for this period are 2 for Atomiques vs 0 for Sewer Rats.
Shots for this period are 9 for Atomiques vs 11 for Sewer Rats.